AoeStats
← HAMADY

Nomad

507425964Analyzed
4v4 RM · 15d ago on Sep 18, 2026· 48m 25s· 8 players
Game mode
Random Map
Map size
231×231
Population
200
Speed
Normal
Resources
Standard
Victory
Conquest
Starting age
Dark Age
Ending age
Imperial Age
RankedLock teamsTeams togetherTeam positionsShared explorationLock speedFull tech treeHidden civsTurbo modeCheats
Victory
Defeat
🇨🇿 Vietnamese · Czechia
1367
+12
1363
+13
🇩🇪 Italians · Germany
1337
+14
🇺🇸 Malians · United States
1256
+16
🇯🇵 Tupi · Japan
1340
-16
🇨🇳 Celts · China
1319
-15
🇨🇳 Khmer · China
1244
-12
🇹🇼 Huns · Taiwan
1241
-12
神鬼戰士
5:07 Loom
17:40 Feudal Age
19:28 Wheelbarrow
18:38 Town Watch
18:46 Double-Bit Axe
23:16 Castle Age
21:59 Horse Collar
24:18 Bow Saw
24:15 Stone Mining
26:09 Hand Cart
26:23 Hand Cart
27:39 Fletching
29:03 Heavy Plow
31:59 Bodkin Arrow
37:14 Town Patrol
39:41 Gold Mining
43:04 Imperial Age
44:26 Conscription
44:34 Murder Holes
45:00 Ballistics
44:56 Bracer
45:07 Forging
45:03 Scale Barding Armor
44:56 Light Cavalry
45:37 Husbandry
45:48 Bloodlines
47:18 Chemistry
HAMADY
9:43 Loom
12:42 Feudal Age
16:01 Fletching
22:17 Castle Age
23:18 Bodkin Arrow
帝国小牛
3:42 Loom
13:04 Feudal Age
16:56 Castle Age
14:45 Double-Bit Axe
24:35 Bow Saw
24:07 Horse Collar
25:12 Wheelbarrow
26:16 Bloodlines
27:04 Heavy Plow
27:48 Husbandry
28:22 Hand Cart
28:18 Gold Mining
29:46 Scale Barding Armor
29:52 Forging
31:03 Gold Shaft Mining
30:19 Stone Mining
32:18 Chain Barding Armor
33:52 Iron Casting
33:22 Tusk Swords
40:04 Imperial Age
41:51 Blast Furnace
43:54 Elite Battle Elephant
SevenThunder438
4:26 Loom
4:31 Loom
13:10 Feudal Age
15:04 Double-Bit Axe
17:33 Castle Age
17:42 Wheelbarrow
18:34 Bow Saw
19:10 Horse Collar
20:57 Stone Mining
20:59 Gold Mining
24:59 Scale Mail Armor
27:56 Forging
29:36 Hand Cart
31:11 Heavy Plow
31:55 Chain Mail Armor
32:15 Iron Casting
32:28 Town Watch
36:14 Imperial Age
35:46 Arson
35:46 Gambesons
35:22 Pikeman
36:11 Fletching
36:22 Capped Ram
37:27 Conscription
37:31 Heavy Scorpion
39:02 Gold Shaft Mining
38:18 Halberdier
41:07 Chemistry
41:08 Siege Ram
43:36 Ballistics
44:03 Plate Mail Armor
44:34 Blast Furnace
green
5:39 Loom
13:41 Feudal Age
14:33 Gold Mining
18:53 Stone Mining
21:40 Castle Age
20:21 Fletching
20:32 Padded Archer Armor
20:50 Fishing Lines
22:26 Double-Bit Axe
23:10 Gillnets
24:04 Bow Saw
25:03 Bodkin Arrow
25:43 Medium Warships
26:43 Ballistics
29:13 Imperial Age
27:35 Wheelbarrow
28:35 Leather Archer Armor
29:49 Thumb Ring
29:47 Town Watch
29:47 Horse Collar
29:47 Crossbowman
31:16 Arbalester
33:15 Bracer
35:00 Ring Archer Armor
36:09 Chemistry
35:21 Masonry
34:55 Capped Ram
36:46 Forging
37:17 Heavy Plow
39:13 Iron Casting
38:38 Scale Mail Armor
38:51 Pikeman
41:58 Elite Genoese Crossbowman
43:40 Town Patrol
44:43 Blast Furnace
43:59 Chain Mail Armor
菜B老外输了就骂
4:11 Loom
14:25 Feudal Age
15:10 Double-Bit Axe
15:16 Fishing Lines
19:37 Wheelbarrow
21:29 Fletching
25:01 Town Watch
28:36 Castle Age
29:09 Gillnets
29:35 Hand Cart
30:43 Town Patrol
31:07 Gold Mining
31:51 Bow Saw
32:38 Stone Mining
33:47 Pikeman
34:28 Squires
34:13 Arson
38:18 Imperial Age
36:31 Scale Mail Armor
36:42 Forging
39:18 Conscription
39:18 Chain Mail Armor
38:25 Halberdier
40:00 Wootz Steel
42:40 Two-Man Saw
42:25 Iron Casting
44:30 Plate Mail Armor
45:00 Blast Furnace
47:21 Siege Elephant
INghost
3:04 Loom
13:50 Feudal Age
16:19 Wheelbarrow
16:41 Stone Mining
16:41 Gold Mining
17:05 Fishing Lines
19:28 Castle Age
17:14 Double-Bit Axe
20:52 Fletching
21:04 Padded Archer Armor
21:20 Hand Cart
21:18 Bow Saw
21:51 Stone Shaft Mining
20:59 Horse Collar
22:41 Heavy Plow
30:34 Bodkin Arrow
31:31 Bloodlines
31:21 Husbandry
32:51 Forging
32:57 Chatras
38:08 Town Watch
41:35 Pikeman
42:16 Squires
48:25 Imperial Age
48:13 Scale Barding Armor
48:45 Iron Casting
Alarich1000
4:27 Loom
15:48 Feudal Age
19:44 Castle Age
17:49 Double-Bit Axe
17:48 Horse Collar
18:19 Town Watch
19:28 Gold Mining
19:28 Stone Mining
20:54 Bow Saw
27:39 Heavy Plow
32:58 Wheelbarrow
36:25 Hand Cart
36:08 Demolition Ship
36:33 Fishing Lines
38:50 Gold Shaft Mining
38:50 Stone Shaft Mining
40:59 Imperial Age
39:43 Forging
39:38 Scale Barding Armor
41:04 Iron Casting
41:36 Chain Barding Armor
41:40 Husbandry
41:51 Bloodlines
41:48 Farimba
42:10 Conscription
42:39 Heavy Camel Rider
44:05 Man-at-Arms
44:05 Pikeman
44:46 Squires
44:31 Arson
45:17 Town Patrol
49:12 Crop Rotation
48:12 Long Swordsman
Connection lost

Rejoining the realm…

Still unreachable

The connection could not be restored.

Session expired

The server has moved on; the page needs a fresh start.